 Dungeon Crawl Stone Soup version 0.30-a0-58-gc0703345a7 (webtiles) character file.

Game seed: 5745887716442436745

478 ytrimaz the Trooper (level 6, 0/78 HPs)
             Began as a Demonspawn Gladiator on Sept 11, 2022.
             Slain by an ogre
             ... wielding a +0 giant club
              (19 damage)
             ... on level 4 of the Dungeon.
             The game lasted 00:08:05 (4241 turns).

ytrimaz the Trooper (Demonspawn Gladiator)          Turns: 4241, Time: 00:08:05

Health: 0/78       AC:  5    Str: 16    XL:     6   Next: 86%
Magic:  6/6        EV: 12    Int:  9    God:
Gold:   168        SH:  0    Dex: 15    Spells: 5/5 levels left

rFire   . . .      SeeInvis .    a - +0 war axe
rCold   . . .      Faith    .    (no shield)
rNeg    . . .      Spirit   .    b - +0 leather armour
rPois   .          Reflect  .    c - +0 helmet
rElec   .          Harm     .    (no cloak)
rCorr   .          Rampage  .    (no gloves)
Will    .....                    g - +0 pair of boots
Stlth   ..........               (no amulet)
HPRegen 0.23/turn                (no ring)
MPRegen 0.10/turn                (no ring)

@: mighty, berserking (expiring), very quick
A: ignite blood 1, weakness stinger 1, demonic touch 1
a: no special abilities


You were on level 4 of the Dungeon.
You visited 1 branch of the dungeon, and saw 4 of its levels.

You collected 168 gold pieces.


Innate Abilities, Weirdness & Mutations

Your demonic aura sometimes causes spilled blood to erupt in flames.
You have a small tail.
Your touch may inflict minor irresistible damage on your foes.


   Skills:
 * Level 6.1 Fighting
 - Level 3.7 Axes
 - Level 1.7 Throwing
 - Level 2.6 Dodging
 + Level 2.4 Unarmed Combat


You had 5 spell levels left.
You didn't know any spells.
Your spell library contained the following spells:

 Spells                   Type           Power      Damage    Failure   Level
 Conjure Flame            Conj/Fire      0%         6-21      83%         3
 Ignite Poison            Fire/Tmut/Pois 0%         N/A       83%         3
 Sticky Flame             Conj/Fire      0%         2d3       99%         4

Inventory:

Hand Weapons
 a - a +0 war axe (weapon)
Missiles
 d - a throwing net (quivered)
 e - a javelin
Armour
 b - a +0 leather armour (worn)
 c - a +0 helmet (worn)
 g - a +0 pair of boots (worn)
   (You found it on level 2 of the Dungeon)
Scrolls
 j - a scroll of summoning
 k - a scroll of magic mapping
 l - a scroll of enchant armour
 o - a scroll of amnesia {unknown}
Potions
 i - a potion of mutation {unknown}
 m - a potion of lignification {unknown}
 n - a potion of degeneration {unknown}

Dungeon Overview and Level Annotations

Branches:
Dungeon (4/15) Zot: 19696
 Temple: D:4-7

Altars:
Xom

#..##.....# #..... #
#......_.. #.....
#####.#..##....
##.....
h........#..# #
.......
.#####ยง....##.##..
#.....
#...##)........
#.....
#...#...######
######
.'..<'...Oโ—‹##
######
###.[.#####@.###
#..... #...
####...########.#.##
#...
#<.........##.....#.
#o
######.###.##.###.#.
.. #..##.##..##.#.
##.##........#.
.######.#.##. ..
#.#.##. #.# #.#....


You could see an ogre.


Message History

๐Ÿ˜ฎ HP[-4]
You take 4 damage, and now have 29/52 hp.
Unknown command.
Unknown command.
You hit the orc. The orc closely misses you.
A kobold comes into view.
It is wielding a +2 short sword of draining. ๐Ÿ˜ฎ HP[+1] Unknown command.
You bump into the rock wall.
The ball python bites you. The ball python closely misses you.
The orc hits you but does no damage.
The orc wizard mumbles some strange words.
The orc wizard flickers and vanishes!
Deactivating autopickup; reactivate with Ctrl-A.
The ufetubus hits you but does no damage.
The ufetubus hits you.
* * * LOW HITPOINT WARNING * * *
๐Ÿ˜จ HP[-6]
You take 6 damage, and now have 24/52 hp.
Unknown command.
The ball python attacks as you move away!
The ball python closely misses you. x2; The orc hits you with a +0 club.
* * * LOW HITPOINT WARNING * * *
๐Ÿ˜จ HP[-2]
You take 2 damage, and now have 22/52 hp.
Unknown command.
You feel less confused.
Things that are here:
a +0 falchion; a +0 chain mail You feel very mighty all of a sudden.
The orc hits you but does no damage.
Unknown command.
You closely miss the orc. Your touch misses the orc.
A hound comes into view.
The orc closely misses you.
The hound barks!
You hit the orc.
You kill the orc!
The ufetubus barely misses you.
The ufetubus closely misses you. ๐Ÿ˜จ HP[+1] Unknown command.
You slash the ufetubus!
You kill the ufetubus!
The ball python bites you but does no damage.
The ball python barely misses you.
You slice the ball python!!
You kill the ball python!
The hound closely misses you.
Unknown command.
You hit the hound.
Your tail-slap misses the hound.
You touch the hound!
The hound closely misses you. The hound bites you.
* * * LOW HITPOINT WARNING * * *
An ogre comes into view.
It is wielding a +0 giant club. ๐Ÿ˜จ HP[-2]
You take 2 damage, and now have 21/52 hp.
You closely miss the hound.
Your tail-slap misses the hound.
Your touch misses the hound. The hound bites you.
* * * LOW HITPOINT WARNING * * *
The hound bites you.
* * * LOW HITPOINT WARNING * * *
๐Ÿ˜จ HP[-3]
You take 3 damage, and now have 18/52 hp.
Unknown command.
You closely miss the hound.
You touch the hound.
You kill the hound!
You hear some strange, mumbled words.
A puff of flame appears from out of thin air!
The puff of flame misses you.
Your Fighting skill increases to level 6!
You barely miss the kobold.
The kobold hits you with a +2 short sword of draining.
* * * LOW HITPOINT WARNING * * *
You feel drained.
* * * LOW HITPOINT WARNING * * *
The kobold hits you with a +2 short sword of draining.
* * * LOW HITPOINT WARNING * * *
You feel drained. ๐Ÿ˜ฑ HP[-6]
You now have 50 max hp (-2).
You take 6 damage, and now have 12/50 hp.
It was a potion of berserk rage.
A red film seems to cover your vision as you go berserk!
You feel yourself moving faster!
You feel mighty! The kobold misses you. ๐Ÿ˜ฑ HP[+6]
You now have 75 max hp (+25).
You regained 6 hp, and now have 18/75 hp.
You closely miss the kobold.
Your touch misses the kobold. ๐Ÿ˜จ HP[+1]
You closely miss the kobold.
You touch the kobold.
You kill the kobold!
You barely miss something. Your touch misses something.
Something hits you but does no damage.
You slash something! You tail-slap something.
Reactivating autopickup.
You feel a bit more experienced.
Your life force feels restored.
You now have 78 max hp (+3).
Unknown command.
You slash the ogre!
The ogre hits you with a +0 giant club!!
You die...

Skill      XL: |  1  2  3  4  5  6 |
---------------+-------------------+-----
Axes           | 3 |  3.7
Fighting       | 3 4 5 6 |  6.1
Unarmed Combat | 1 2 |  2.4
Throwing       | |  1.7
Dodging        | |  2.6

Action                   |  1- 3 |  4- 6 || total
-------------------------+-------+-------++-------
Melee: War axe           |    93 |   162 ||   255
       Punch             |     3 |       ||     3
       Touch             |       |    22 ||    22
       Tailslap          |       |     7 ||     7
Throw: Throwing net      |     2 |       ||     2
  Use: Scroll            |     2 |     4 ||     6
       Potion            |       |     5 ||     5
 Stab: Invisible         |       |     1 ||     1
       Sleeping          |       |     1 ||     1
Armor: Leather armour    |    30 |    56 ||    86
Dodge: Dodged            |    88 |   117 ||   205

Levels and vault maps discovered:
D:1:      lemuel_arrival_hallway, layout_loops_ring,
          shapermc_ecumenical_altar_mp_urbaneastern
D:2:      layout_basic, uniq_natasha, uniq_robin
D:3:      layout_rooms, nicolae_wormholes
D:4:      layout_basic, mainiacjoe_overflow_small_starburst, serial_shops, shop,
          guppyfry_shop_venom

Notes
Turn   | Place    | Note
-------+----------+-------------------------------------------
     0 | D:1      | ytrimaz the Demonspawn Gladiator began the quest for the
                  | Orb.
     0 | D:1      | Reached XP level 1. HP: 16/16 MP: 1/1
     0 | D:1      | magus.rc [v1.9.6]
   249 | D:1      | Reached skill level 3 in Axes
   253 | D:1      | Gained mutation: Your demonic aura sometimes causes spilled
                  | blood to erupt in flames. [demonic ancestry]
   253 | D:1      | Reached XP level 2. HP: 13/23 MP: 2/2
   774 | D:1      | Found a faded altar of an unknown god.
  1141 | D:2      | Noticed Robin
  1142 | D:2      | Reached XP level 3. HP: 28/28 MP: 3/3
  1145 | D:2      | Reached skill level 3 in Fighting
  1149 | D:2      | HP: 4/29 [goblin/+0 dagger[Robin] (5)]
  1733 | D:2      | Reached XP level 4. HP: 36/36 MP: 4/4
  1741 | D:2      | Killed Robin
  1944 | D:2      | Noticed Natasha
  1949 | D:2      | Killed Natasha
  1950 | D:2      | Reached skill level 4 in Fighting
  2133 | D:2      | HP: 9/37 [poisoned by an adder]
  2139 | D:2      | HP: 4/37 [poisoned by an adder]
  2588 | D:2      | You feel monstrous as your demonic heritage exerts itself.
  2588 | D:2      | Discovered your monstrous ancestry.
  2588 | D:2      | Gained mutation: Your touch may inflict minor irresistible
                  | damage on your foes. [demonic ancestry]
  2588 | D:2      | Reached XP level 5. HP: 42/43 MP: 5/5
  3011 | D:3      | Identified the +8 whip of Infection {holy, rC+ rN+ Str+3
                  | Stlth-}
  3248 | D:3      | Reached skill level 1 in Unarmed Combat
  3313 | D:3      | You add the spells Conjure Flame, Ignite Poison and Sticky
                  | Flame to your library.
  3691 | D:4      | Reached skill level 5 in Fighting
  3691 | D:4      | Gained mutation: You have a small tail. [demonic ancestry]
  3691 | D:4      | Reached XP level 6. HP: 22/51 MP: 6/6
  3706 | D:4      | HP: 11/51 [adder (3)]
  3710 | D:4      | HP: 5/51 [poisoned by an adder]
  3713 | D:4      | HP: 2/51 [poisoned by an adder]
  4086 | D:4      | Reached skill level 2 in Unarmed Combat
  4211 | D:4      | Found a shimmering altar of Xom.
  4235 | D:4      | Reached skill level 6 in Fighting
  4235 | D:4      | HP: 12/51 [kobold/+2 short sword of draining (2)]
  4241 | D:4      | Slain by an ogre

Vanquished Creatures
  An ogre (D:4)
  A scorpion (D:4)
  A howler monkey (D:4)
  A hound (D:4)
  A jelly (D:3)
  An orc wizard (D:4)
  Natasha (D:2)
  Robin (D:2)
  5 adders
  An ufetubus (D:4)
  4 worms (D:3)
  3 dart slugs
  6 orcs (D:4)
  8 ball pythons
  8 endoplasms
  6 giant cockroaches
  15 goblins
  10 hobgoblins
  3 jackals (D:3)
  3 quokkas (D:1)
  10 bats
  A frilled lizard (D:2)
  6 kobolds
  7 rats
104 creatures vanquished.

Table legend:
 A = Non-vault XP
 B = Vault XP
 C = Vault XP percentage of total XP
 D = Non-vault monster count
 E = Vault monster count
 F = Vault count percentage of total count
                 A         B        C        D         E       F
            +---------+---------+-------+---------+---------+-------
      Total |     596 |      88 |  12.9 |      88 |      16 |  15.4
            +---------+---------+-------+---------+---------+-------
        D:1 |      37 |       0 |   0.0 |      18 |       0 |   0.0
        D:2 |      86 |      73 |  45.9 |      24 |      13 |  35.1
        D:3 |      82 |      15 |  15.5 |      24 |       3 |  11.1
        D:4 |     391 |       0 |   0.0 |      22 |       0 |   0.0
            +---------+---------+-------+---------+---------+-------

Illustrated notes

Table legend:
 A = Kills in this place as a percentage of kills in entire the game.
 B = Kills by you in this place as a percentage of kills by you in the entire game.
 C = Kills by friends in this place as a percentage of kills by friends in the entire game.
 D = Other kills in this place as a percentage of other kills in the entire game.
 E = Experience gained in this place as a percentage of experience gained in the entire game.
 F = Experience gained in this place divided by the number of levels of this place that you have seen.
                   A       B       C       D       E      F
               +-------+-------+-------+-------+-------+----------------------
         Total | 100.0 | 100.0 |   N/A |   N/A | 100.0 | 171.0
       Dungeon | 100.0 | 100.0 |   N/A |   N/A | 100.0 | 171.0
               +-------+-------+-------+-------+-------+----------------------

Table legend: (Time is in decaauts)
 A = Elapsed time spent in this place.
 B = Non-inter-level travel time spent in this place.
 C = Inter-level travel time spent in this place.
 D = Time resting spent in this place.
 E = Time spent auto-exploring this place.
 F = Levels seen in this place.
 G = Mean time per level.
                   A        B        C        D        E       F      G
               +--------+--------+--------+--------+--------+-----+--------+
         Total |   4302 |   4259 |     43 |    980 |   2467 |   4 | 1075.5 |
       Dungeon |   4302 |   4259 |     43 |    980 |   2467 |   4 | 1075.5 |
               +--------+--------+--------+--------+--------+-----+--------+

Top non-repeatable levels by time:
     D:1: 1618 daAuts
     D:2: 1102 daAuts
     D:3: 899 daAuts
     D:4: 682 daAuts
